 Dungeon Crawl Stone Soup version 0.31-a0-95-g6fa058ef04 (webtiles) character file.

Game seed: 1922906468400569084

72 LobsterGuardian the Sneak (level 4, 0/36 HPs)
             Began as a Kobold Enchanter on May 25, 2023.
             Succumbed to an adder's poison
             ... on level 2 of the Dungeon.
             The game lasted 00:05:22 (888 turns).

LobsterGuardian the Sneak (Kobold Enchanter)         Turns: 888, Time: 00:05:22

Health: 0/36       AC:  2    Str:  5    XL:     4   Next: 50%
Magic:  3/7        EV: 15    Int: 22    God:
Gold:   71         SH:  0    Dex: 17    Spells: 2/7 levels left

rFire   . . .        a - +1 dagger
rCold   . . .        (no shield)
rNeg    . . .        b - +0 robe
rPois   .            (no helmet)
rElec   .            (no cloak)
rCorr   .            (no gloves)
SInv    .            (no boots)
Will    .....        (no amulet) Stlth
                     f - +6 ring of intelligence
HPRegen 0.26/turn    (no ring)
MPRegen 0.10/turn

%: no passive effects
@: berserking, lethally poisoned (0 -> 0), very slightly contaminated,
invisible, very quick
A: small, no large weapons, nightstalker 3
a: no special abilities


You were on level 2 of the Dungeon.
You visited 1 branch of the dungeon, and saw 2 of its levels.

You collected 71 gold pieces.

Inventory:

Hand Weapons
 a - a +1 dagger (weapon)
Armour
 b - a +0 robe (worn)
Jewellery
 f - a +6 ring of intelligence (left hand)
Scrolls
 h - a scroll of teleportation
Potions
 e - a potion of resistance {unknown}
 g - a potion of ambrosia {unknown}


   Skills:
 - Level 1.3 Short Blades
 - Level 3.0 Dodging
 - Level 6.0 Stealth
 - Level 2.1 Spellcasting
 + Level 3.6 Hexes


You had 2 spell levels left.
You knew the following spells:

 Your Spells              Type           Power      Damage    Failure   Level
a - Ensorcelled Hibernat  Hex/Ice        18%        N/A       11%         2
b - Confusing Touch       Hex            18%        N/A       10%         3

Your spell library contained the following spells:

 Spells                   Type           Power      Damage    Failure   Level
 Tukima's Dance           Hex            18%        N/A       10%         3
 Dazzling Flash           Conj/Hex       18%        N/A       22%         3


Dungeon Overview and Level Annotations

Branches:
Dungeon (2/15)

Altars:

Annotations:
D:2 Natasha


Innate Abilities, Weirdness & Mutations

You are small and have problems with some larger weapons.
You are completely attuned to the shadows.


Message History

Press: ? - help, Shift-Dir - straight line, f - adder
Aim: an adder (lightly wounded, unable to see you, chance to affect: 50%)
You miscast Ensorcelled Hibernation.
You are very lightly contaminated with residual magic.
Nothing appears to happen.
You feel sick. The adder completely misses you.
Unknown command.
Unknown command.
Casting: Ensorcelled Hibernation (safe; 11% risk of failure)
Confirm with . or Enter, or press ? or * to list all spells.
Aiming: Ensorcelled Hibernation (safe; 11% risk of failure)
Press: ? - help, Shift-Dir - straight line, f/p - adder
Aim: an adder (lightly wounded, unable to see you, chance to affect: 50%)
The adder looks drowsy...
You feel sick.
Natasha mumbles some strange words.
Unknown command.
Unknown command.
The helpless adder fails to defend itself.
You impale the adder!!
You kill the adder!
You feel sick. Natasha casts a spell at you. The magic dart hits you.
* * * LOW HITPOINT WARNING * * *
Training target 3.0 for Dodging reached!
Your Dodging skill increases to level 3!
Unknown command.
It was a potion of berserk rage.
A red film seems to cover your vision as you go berserk!
You feel yourself moving faster!
You feel mighty!
You feel sick.
The cerulean imp hits you with a +1 spear.
* * * LOW HITPOINT WARNING * * *
Unknown command.
You are too berserk!
You closely miss the cerulean imp.
* * * LOW HITPOINT WARNING * * *
You feel sick. The cerulean imp closely misses you.
Unknown command.
You puncture the cerulean imp!
The cerulean imp is heavily wounded.
You die...

#############
.....##.....#
##.##.....##
##..@#.†.....
##.###5h.5..#
######.##
##S......
#.....##
##.....#
#.###†#
#.....# ###.#
#.# #.....#
#...# ##(
#... #.#.# #.
.#.#.#####..


You could see Natasha, 2 cerulean imps and a ball python (unable to see you).

Vanquished Creatures
  3 adders (D:2)
  A worm (D:2)
  A dart slug (D:1)
  6 bats (D:1)
  5 endoplasms (D:1)
  A giant cockroach (D:1)
  2 goblins (D:1)
  6 hobgoblins
  2 jackals (D:1)
  2 quokkas (D:1)
  5 ball pythons (D:1)
  A frilled lizard (D:1)
  A kobold (D:1)
  3 rats (D:1)
39 creatures vanquished.

Notes
Turn   | Place    | Note
-------+----------+-------------------------------------------
     0 | D:1      | LobsterGuardian the Kobold Enchanter began the quest for
                  | the Orb.
     0 | D:1      | Reached XP level 1. HP: 10/10 MP: 3/3
    51 | D:1      | Reached XP level 2. HP: 12/15 MP: 5/5
    63 | D:1      | Learned a level 2 spell: Ensorcelled Hibernation
   120 | D:1      | Reached skill level 5 in Stealth
   264 | D:1      | Reached XP level 3. HP: 19/19 MP: 1/6
   270 | D:1      | Learned a level 3 spell: Confusing Touch
   365 | D:1      | Found a faded altar of an unknown god.
   826 | D:2      | Reached XP level 4. HP: 24/24 MP: 7/7
   843 | D:2      | Reached skill level 6 in Stealth
   873 | D:2      | Noticed Natasha
   887 | D:2      | HP: 1/36 [poisoned by an adder]
   888 | D:2      | Succumbed to an adder's poison

Illustrated notes

Levels and vault maps discovered:
D:1:      evilmike_arrival_come_back, layout_rooms,
          hellmonk_ecumenical_altar_run_dry
D:2:      layout_loops_ring, uniq_natasha

Skill      XL: |  1  2  3  4 |
---------------+-------------+-----
Stealth        | 5 6 |  6.0
Dodging        | 3 |  3.0
Short Blades   | |  1.3
Spellcasting   | |  2.1
Hexes          | |  3.6

Action                     |  1- 3 |  4- 6 || total
---------------------------+-------+-------++-------
  Melee: Dagger            |    80 |     9 ||    89
   Cast: Ensorcelled Hiber |    10 |     2 ||    12
    Use: Potion            |     1 |     2 ||     3
         Scroll            |     1 |       ||     1
   Stab: Invisible         |     2 |       ||     2
         Sleeping          |    17 |     3 ||    20
 Armour: Robe              |    16 |       ||    16
  Dodge: Dodged            |    72 |     5 ||    77

Table legend: (Time is in decaauts)
 A = Elapsed time spent in this place.
 B = Non-inter-level travel time spent in this place.
 C = Inter-level travel time spent in this place.
 D = Time resting spent in this place.
 E = Time spent auto-exploring this place.
 F = Levels seen in this place.
 G = Mean time per level.
                   A        B        C        D        E       F      G
               +--------+--------+--------+--------+--------+-----+--------+
         Total |    881 |    869 |     12 |      0 |    646 |   2 |  440.5 |
       Dungeon |    881 |    869 |     12 |      0 |    646 |   2 |  440.5 |
               +--------+--------+--------+--------+--------+-----+--------+

Top non-repeatable levels by time:
     D:1: 818 daAuts
     D:2: 62 daAuts
